 Dungeon Crawl Stone Soup version 0.30.1-11-g7821555f0a (webtiles) character file.

Game seed: 11070094475999637800

133 Okkudo the Chopper (level 5, -5/47 HPs)
             Began as a Hill Orc Monk on Dec 7, 2023.
             Slain by a gnoll
             ... wielding a +2 halberd of protection
              (12 damage)
             ... on level 3 of the Dungeon.
             The game lasted 00:05:49 (2077 turns).

Okkudo the Chopper (Hill Orc Monk)                  Turns: 2077, Time: 00:05:50

Health: -5/47      AC:  6    Str: 22    XL:     5   Next: 16%
Magic:  5/5        EV: 12    Int: 10    God:
Gold:   205        SH:  0    Dex: 13    Spells: 4/4 levels left

rFire   + . .        a - +0 hand axe
rCold   . . .        d - orb {light}
rNeg    . . .        o - +0 ring mail
rPois   .            g - +0 helmet
rElec   .            (no cloak)
rCorr   .            (no gloves)
SInv    .            (no boots)
Will    .....        (no amulet) Stlth
                     u - +6 ring of strength
HPRegen 0.27/turn    f - ring of protection from fire
MPRegen 0.09/turn

%: no passive effects
@: confused, ambrosia-drunk, glowing
A: no striking features
a: no special abilities


You were on level 3 of the Dungeon.
You visited 1 branch of the dungeon, and saw 3 of its levels.

You collected 205 gold pieces.

Inventory:

Hand Weapons
 a - a +0 hand axe (weapon)
Armour
 d - an orb of light (worn)
 g - a +0 helmet (worn)
 o - a +0 ring mail (worn)
Jewellery
 e - a ring of see invisible
 f - a ring of protection from fire (right hand)
 i - a ring of protection from fire
 q - a ring of ice
 u - a +6 ring of strength (left hand)
Scrolls
 b - 2 scrolls of immolation
 h - 4 scrolls of identify {unknown}
 j - a scroll of noise {unknown}
 l - 2 scrolls of magic mapping {unknown}
 m - a scroll of summoning {unknown}
 n - a scroll of silence {unknown}
 r - a scroll of torment {unknown}
 s - a scroll of teleportation {unknown}
 t - a scroll of vulnerability {unknown}
 v - a scroll of blinking {unknown}
Potions
 k - 2 potions of curing {unknown}
 p - 2 potions of heal wounds {unknown}
 w - a potion of lignification {unknown}
 x - a potion of might {unknown}
 z - a potion of degeneration {unknown}


   Skills:
 + Level 4.9 Fighting
 + Level 5.4 Axes
 + Level 3.3 Dodging


You had 4 spell levels left.
You didn't know any spells.
Your spell library contained the following spells:

 Spells                   Type           Power      Damage    Failure   Level
 Sandblast                Erth           0%         2d4       52%         1
 Slow                     Hex            0%         N/A       52%         1
 Passwall                 Tmut/Erth      0%         N/A       67%         2
 Confusing Touch          Hex            0%         N/A       88%         3
 Stone Arrow              Conj/Erth      0%         3d7       88%         3
 Vampiric Draining        Necr           0%         2d6       88%         3


Dungeon Overview and Level Annotations

Branches:
Dungeon (3/15)

Altars:
Zin

Annotations:
D:3 Natasha


Message History

The gnoll barely misses you.
An orc comes into view. It is wielding a +0 dagger.
The orc shouts!
You hear a shout! x2
The gnoll hits you with a +2 halberd of protection!
* * * LOW HITPOINT WARNING * * *
The gnoll hits you but does no damage.
The orc moves out of view.
An orc wizard comes into view. It is wielding a +0 dagger.
You hit the gnoll but do no damage. You hit Natasha. You hit the gnoll.
Natasha barely misses you. The gnoll hits you but does no damage.
The gnoll closely misses you. The gnoll misses you.
You are confused.
You feel invigorated. Natasha claws you but does no damage.
An orc priest comes into view.
It is wielding a +1 flail of protection.
The gnoll closely misses you. The gnoll hits you but does no damage.
The gnoll completely misses you.
You are too confused!
The orc priest shouts, "Join the one true god or die!" (press Y on the ability menu to convert to Beogh)
You hit the gnoll.
The gnoll is lightly wounded.
You hit the gnoll. You miss Natasha. Natasha claws you.
* * * LOW HITPOINT WARNING * * *
The gnoll hits you from afar with a +0 spear.
* * * LOW HITPOINT WARNING * * *
The gnoll hits you with a +2 halberd of protection.
* * * LOW HITPOINT WARNING * * *
The gnoll hits you but does no damage.
Sorry, you're not good enough to have a special ability.
Unknown command.
You bump into the rock wall.
Natasha claws you.
* * * LOW HITPOINT WARNING * * *
The gnoll hits you but does no damage. The gnoll barely misses you.
The gnoll completely misses you.
You hit the gnoll but do no damage.
The gnoll is severely wounded.
You hit Natasha. You hit the gnoll but do no damage. Natasha claws you.
* * * LOW HITPOINT WARNING * * *
The gnoll completely misses you.
The gnoll hits you with a +2 halberd of protection!
You die...

##§##..###..########.#.#
.#
##§§##<####.#........#.#
#§§§##...#.......g####.#
#§§..........####..÷)..##
#.§§..######h...#####...#
##....# ####.# ##.....#
......# #g## .##...#
....#.# #gh# .# #..
....#.# ##@# .. .
.#..#.#### #g# ..
##)......# #.o ..#
#.#.###....^ ..). ...
##...# #### ..... #..###
..####. ...# .. .. ..##
..# .. .#


You could see an orc wizard, Natasha and 3 gnolls.

Vanquished Creatures
  Jessica (D:3)
  Natasha (D:3)
  Robin (D:2)
  An adder (D:2)
  A worm (D:2)
  An orc (D:3)
  4 ball pythons
  4 endoplasms
  A giant cockroach (D:3)
  11 goblins
  5 hobgoblins
  7 jackals
  A kobold (D:1)
  5 bats
  2 frilled lizards (D:1)
  6 rats
52 creatures vanquished.

Notes
Turn   | Place    | Note
-------+----------+-------------------------------------------
     0 | D:1      | Okkudo the Hill Orc Monk began the quest for the Orb.
     0 | D:1      | Reached XP level 1. HP: 19/19 MP: 1/1
   124 | D:1      | Reached XP level 2. HP: 27/27 MP: 2/2
  1047 | D:2      | Reached XP level 3. HP: 31/33 MP: 3/3
  1353 | D:2      | Noticed Robin
  1392 | D:2      | Killed Robin
  1393 | D:2      | Reached XP level 4. HP: 19/41 MP: 4/4
  1398 | D:2      | Reached skill level 5 in Axes
  1553 | D:2      | Found a glowing silver altar of Zin.
  1787 | D:3      | Noticed Natasha
  1789 | D:3      | Killed Natasha
  1790 | D:3      | Found a faded altar of an unknown god.
  1868 | D:3      | Noticed Jessica
  1878 | D:3      | Killed Jessica
  1879 | D:3      | Reached XP level 5. HP: 29/47 MP: 5/5
  2062 | D:3      | Noticed Natasha
  2077 | D:3      | Slain by a gnoll

Illustrated notes

Levels and vault maps discovered:
D:1:      dpeg_arrival_refuge, layout_basic
D:2:      minmay_skewed_foursquare, layout_basic, basic_altar,
          ebering_dispersal_statue_hall, hangedman_abyss_or_decor_lesser_grid,
          uniq_robin
D:3:      minmay_roachtagon, layout_rooms, portal_sewer_entry_d,
          ebering_ecumenical_altar_mist, uniq_jessica, uniq_natasha

Skill      XL: |  1  2  3  4 |
---------------+-------------+-----
Fighting       | 4 |  4.9
Dodging        | 3 |  3.3
Axes           | 5 |  5.4

Action                     |  1- 3 |  4- 6 || total
---------------------------+-------+-------++-------
  Melee: Hand axe          |    91 |    42 ||   133
    Use: Scroll            |       |     1 ||     1
         Potion            |       |     1 ||     1
 Armour: Robe              |     3 |       ||     3
         Ring mail         |    20 |    21 ||    41
  Dodge: Dodged            |    52 |    34 ||    86
